 Dungeon Crawl Stone Soup version 0.29-a0-483-g69413ace17 (webtiles) character file.

Game seed: 16033682267805183361

47 siradein the Skirmisher (level 3, -4/37 HPs)
             Began as an Ogre Gladiator on May 26, 2022.
             Slain by a gnoll
             ... wielding a +0 flail
              (6 damage)
             ... on level 1 of the Dungeon.
             The game lasted 00:03:14 (1915 turns).

siradein the Skirmisher (Ogre Gladiator)            Turns: 1915, Time: 00:03:14

Health: -4/37      AC:  3    Str: 20    XL:     3   Next: 70%
Magic:  3/3        EV: 10    Int:  9    God:
Gold:   100        SH:  0    Dex: 10    Spells: 2/2 levels left

rFire   . . .      SeeInvis .   a - +0 trident
rCold   . . .      Faith    .   (no shield)
rNeg    . . .      Spirit   .   b - +0 robe
rPois   .          Reflect  .   (helmet restricted)
rElec   .          Harm     .   (no cloak)
rCorr   .          Rampage  .   (gloves unavailable)
Will    .....                   (boots unavailable)
Stlth   +.........              (no amulet)
HPRegen 0.12/turn               (no ring)
MPRegen 0.08/turn               (no ring)

@: no status effects
A: large, unfitting armour, tough skin 1
a: no special abilities


You were on level 1 of the Dungeon.
You visited 1 branch of the dungeon, and saw 2 of its levels.

You collected 100 gold pieces.

Inventory:

Hand Weapons
 a - a +0 trident (weapon)
Missiles
 d - 2 throwing nets
 e - a large rock
 f - 57 stones (quivered)
Armour
 b - a +0 robe (worn)
Scrolls
 c - 4 scrolls of amnesia {unknown}
 g - a scroll of poison {unknown}
 k - a scroll of fog {unknown}
 l - a scroll of blinking {unknown}
Potions
 h - a potion of lignification {unknown}
 i - a potion of mutation {unknown}
 j - a potion of curing {unknown}


   Skills:
 + Level 3.5 Fighting
 + Level 3.4 Polearms
 + Level 2.5 Throwing
 + Level 3.1 Dodging


You had 2 spell levels left.
You didn't know any spells.
Your spell library was empty.

Dungeon Overview and Level Annotations

Branches:
Dungeon (2/15)

Altars:
Cheibriados


Innate Abilities, Weirdness & Mutations

You are too large for most types of armour.
You have tough skin. (AC +1)


Message History

HP restored.
You see here a +0 spear.
There is a stone staircase leading down, spattered with blood here.
You climb downwards.
The gnoll hits you from afar with a +0 halberd.
The gnoll hits you with a +0 flail!
There is a stone staircase leading up, spattered with blood here.
The gnoll barely misses you. The gnoll closely misses you.
You climb upwards.
There is a stone staircase leading down, spattered with blood here.
You hit the gnoll.
The gnoll is moderately wounded.
The gnoll hits you with a +0 flail!
You hit the gnoll but do no damage.
The gnoll is moderately wounded.
The gnoll hits you with a +0 flail!
* * * LOW HITPOINT WARNING * * *
The gnoll barely misses you.
You hit the gnoll but do no damage.
The gnoll is moderately wounded.
The gnoll barely misses you.
You hit the gnoll. Your punch misses the gnoll.
The gnoll is heavily wounded.
The gnoll misses you.
You hit the gnoll.
The gnoll is almost dead.
The gnoll hits you with a +0 flail.
* * * LOW HITPOINT WARNING * * *
You barely miss the gnoll.
The gnoll is almost dead.
The gnoll hits you with a +0 flail.
* * * LOW HITPOINT WARNING * * *
You barely miss the gnoll.
The gnoll is almost dead.
The gnoll hits you with a +0 flail.
* * * LOW HITPOINT WARNING * * *
You closely miss the gnoll.
The gnoll is almost dead.
The gnoll hits you with a +0 flail.
You die...

#.# #...#.#####
#.####...#......
#.............##
############...........
####......................
#...........#.............
#.##.#....#[#.##....####..
#.##.#....................
#..)>...g@................
####.#....#......#........
#.............#.######.
#..######..............
####..#######+###.........
#...............#.....)...
#...............#.........
#...............##.######.
#...............##.# #.


You could see a gnoll.

Vanquished Creatures
  A gnoll (D:1)
  An adder (D:2)
  A worm (D:2)
  4 endoplasms
  A giant cockroach (D:1)
  4 goblins (D:1)
  A hobgoblin (D:1)
  4 kobolds (D:1)
  2 ball pythons (D:1)
  A bat (D:2)
  A frilled lizard (D:2)
  6 rats
27 creatures vanquished.

Notes
Turn   | Place    | Note
-------+----------+-------------------------------------------
     0 | D:1      | siradein the Ogre Gladiator began the quest for the Orb.
     0 | D:1      | Reached XP level 1. HP: 22/22 MP: 1/1
   142 | D:1      | Found a faded altar of an unknown god.
   296 | D:1      | Reached XP level 2. HP: 29/29 MP: 2/2
  1320 | D:2      | Reached XP level 3. HP: 20/37 MP: 3/3
  1493 | D:2      | Found a snail-covered altar of Cheibriados.
  1915 | D:1      | Slain by a gnoll

Illustrated notes

Levels and vault maps discovered:
D:1:      beargit_arrival_greenhouse, layout_basic,
          hellmonk_ecumenical_altar_arch_garden
D:2:      layout_loops_ring, basic_altar, minmay_worlds_worst_comb

Skill      XL: |  1  2 |
---------------+-------+-----
Fighting       | 3 |  3.5
Dodging        | 3 |  3.1
Polearms       | |  3.4
Throwing       | |  2.5

Action                   || total
-------------------------++-------
Melee: Trident           ||    82
Throw: Throwing net      ||     3
       Large rock        ||     1
       Stone             ||    51
Armor: Robe              ||    17
Dodge: Dodged            ||    36

Table legend: (Time is in decaauts)
 A = Elapsed time spent in this place.
 B = Non-inter-level travel time spent in this place.
 C = Inter-level travel time spent in this place.
 D = Time resting spent in this place.
 E = Time spent auto-exploring this place.
 F = Levels seen in this place.
 G = Mean time per level.
                   A        B        C        D        E       F      G
               +--------+--------+--------+--------+--------+-----+--------+
         Total |   1928 |   1913 |     15 |    183 |   1354 |   2 |  964.0 |
       Dungeon |   1928 |   1913 |     15 |    183 |   1354 |   2 |  964.0 |
               +--------+--------+--------+--------+--------+-----+--------+

Top non-repeatable levels by time:
     D:1: 1433 daAuts
     D:2: 494 daAuts
